 Dungeon Crawl Stone Soup version 0.16-a0-3994-gbbee317 (webtiles) character file.

245 DEFE the Slasher (level 5, 0/37 HPs)
             Began as a High Elf Fighter on Feb 13, 2015.
             Was an Initiate of Okawaru.
             Succumbed to poison (a potion of poison)
             ... on level 3 of the Dungeon.
             The game lasted 00:04:55 (2260 turns).

DEFE the Slasher (High Elf Fighter)                 Turns: 2260, Time: 00:04:55

Health: 0/37       AC:  9    Str: 16    XL:     5   Next: 83%
Magic:  8/8        EV: 11    Int:  6    God:    Okawaru [......]
Gold:   196        SH:  0    Dex: 14    Spells: 0 memorised, 4 levels left

rFire  . . .     SeeInvis .     a - +0 long sword
rCold  . . .     Clarity  .     r - +4 ring mail
rNeg   . . .     SustAb   .     (no shield)
rPois  .         Gourm    .     (no helmet)
rElec  .         Spirit   .     (no cloak)
rCorr  .         Warding  .     (no gloves)
rMut   .         Stasis   .     (no boots)
MR     .....                    (no amulet)
Stlth  +.........               (no ring)
                                s - -6 ring of intelligence (curse)

@: lethally poisoned (0 -> -9), not resistant to hostile enchantments, very
unstealthy
A: no striking features
a: Renounce Religion


You were on level 3 of the Dungeon.
You worshipped Okawaru.
Okawaru was noncommittal.
You were not hungry.

You visited 1 branch of the dungeon, and saw 3 of its levels.

You collected 196 gold pieces.

Inventory:

Hand weapons
 a - a +0 long sword (weapon)
Armour
 b - a +0 scale mail
 r - a +4 ring mail (worn)
Jewellery
 s - a cursed -6 ring of intelligence (left hand)
Scrolls
 i - a scroll of random uselessness
 l - 3 scrolls of amnesia
 p - a scroll of fear {unknown}
 u - a scroll of enchant armour {unknown}
Potions
 e - a potion of might
Comestibles
 d - 2 bread rations
 g - 2 meat rations
 m - 2 beef jerkies
 o - a royal jelly


   Skills:
 + Level 4.0 Fighting
 * Level 5.2 Long Blades
 + Level 3.7 Armour
 + Level 1.6 Dodging
   Level 2.6 Shields


You had 4 spell levels left.
You didn't know any spells.

Dungeon Overview and Level Annotations

Branches:
Dungeon (3/15)

Altars:
Fedhas
Okawaru
Xom
Yredelemnul


Message History

Okawaru accepts your kill.
* * * LOW HITPOINT WARNING * * *
You feel sick.
You cannot move.
Unknown command.
There is a lethal amount of poison in your body!
Drink which item? (? for menu, Esc to quit)
Your magical effects are unravelling.
You feel magically purged.
* * * LOW HITPOINT WARNING * * *
You feel sick.
Unknown command.
Drink which item? (? for menu, Esc to quit)
Okay, then.
Read which item? (? for menu, Esc to quit)
As you read the scroll labeled JIMOITSEASH, it crumbles to dust.
You feel a strange sense of stasis.
It was a scroll of teleportation.
You feel less woody.
Your +4 ring mail unmelds from your body.
You die...

...##'#......#
#.#......o+
.............#
.#.......#
.........###.#
#...####o##
.........# #.#
#.#.# #.#
.........# #.#
#.#.####.#
.........# #.#
#.._o.##.#
.........# #.#
###.#....#
###......#
#.#####.########
###......#
#)).)@..........
.........#
################
.##....).#
.######### .# .#
.# .# .#


There were no monsters in sight!

Vanquished Creatures
  2 orc priests (D:3)
  An orc wizard (D:3)
  Ijyb (D:2)
  3 adders
  5 worms
  2 giant geckos (D:2)
  An ooze (D:1)
  4 orcs (D:3)
  7 giant cockroaches
  7 hobgoblins
  17 jackals
  A kobold (D:2)
  A ball python (D:1)
  8 bats
  2 giant newts
  4 goblins
  10 rats
76 creatures vanquished.

Notes
Turn   | Place    | Note
--------------------------------------------------------------
     0 | D:1      | DEFE, the High Elf Fighter, began the quest for the Orb.
     0 | D:1      | Reached XP level 1. HP: 16/16 MP: 2/2
   153 | D:1      | Reached XP level 2. HP: 18/21 MP: 3/3
   807 | D:2      | Noticed Ijyb
   829 | D:2      | Killed Ijyb
   829 | D:2      | Reached XP level 3. HP: 19/26 MP: 5/5
   997 | D:2      | Reached XP level 4. HP: 29/32 MP: 7/7
  1109 | D:2      | Reached skill level 4 in Long Blades
  1109 | D:2      | Reached skill level 1 in Dodging
  1123 | D:2      | Found an iron altar of Okawaru.
  1123 | D:2      | Found a blossoming altar of Fedhas.
  1167 | D:2      | Became a worshipper of Warmaster Okawaru
  1974 | D:3      | Reached XP level 5. HP: 16/37 MP: 8/8
  2122 | D:3      | Found a shimmering altar of Xom.
  2186 | D:3      | Found a basalt altar of Yredelemnul.
  2233 | D:3      | Reached skill level 5 in Long Blades
  2258 | D:3      | HP: 2/55 [poison (a potion of poison)]
  2260 | D:3      | Succumbed to poison (a potion of poison)

Action                   |  1- 3 |  4- 6 || total
-------------------------+-------+-------++-------
Melee: Long sword        |   116 |   199 ||   315
  Use: Scroll            |     2 |     4 ||     6
       Potion            |       |     5 ||     5
  Eat: Chunk             |       |     5 ||     5
